 Dungeon Crawl Stone Soup version 0.30.1-11-g7821555f0a (webtiles) character file.

Game seed: 16572740743907135555

50 BigBossMan the Trooper (level 3, -1/37 HPs)
             Began as an Ogre Gladiator on Dec 21, 2023.
             Slain by an orc
             ... wielding a +0 war axe
              (7 damage)
             ... on level 3 of the Dungeon.
             The game lasted 00:02:02 (467 turns).

BigBossMan the Trooper (Ogre Gladiator)              Turns: 467, Time: 00:02:03

Health: -1/37      AC:  3    Str: 18    XL:     3   Next: 79%
Magic:  3/3        EV: 10    Int: 11    God:
Gold:   32         SH:  5    Dex: 10    Spells: 2/2 levels left

rFire   . . .        k - +1 spear (heavy)
rCold   + . .        (no shield)
rNeg    . . .        b - +0 robe
rPois   .            c - +0 hat
rElec   .            (no cloak)
rCorr   .            (gloves unavailable)
SInv    .            (boots unavailable)
Will    .....        f - amulet of reflection
Stlth   +            g - ring of protection from cold
HPRegen 0.26/turn    (no ring)
MPRegen 0.08/turn

%: reflection
@: no status effects
A: large, unfitting armour, tough skin 1
a: no special abilities


You were on level 3 of the Dungeon.
You visited 1 branch of the dungeon, and saw 3 of its levels.

You collected 32 gold pieces.

Inventory:

Hand Weapons
 a - a +0 quarterstaff
 k - a +1 heavy spear (weapon)
Missiles
 d - 3 throwing nets
 e - a large rock (quivered)
Armour
 b - a +0 robe (worn)
 c - a +0 hat (worn)
Jewellery
 f - an amulet of reflection (around neck)
 g - a ring of protection from cold (left hand)
Potions
 h - a potion of cancellation
 j - a potion of attraction {unknown}


   Skills:
 * Level 3.6 Fighting
 * Level 0.5(2.0) Maces & Flails
 * Level 0.9(2.3) Polearms
 * Level 3.3(3.5) Staves
 * Level 2.0 Throwing
 * Level 0.2 Armour
 * Level 2.9 Dodging
 * Level 0.2 Stealth
 * Level 0.1 Spellcasting


You had 2 spell levels left.
You didn't know any spells.
Your spell library contained the following spells:

 Spells                   Type           Power      Damage    Failure   Level
 Slow                     Hex            0%         N/A       34%         1
 Confusing Touch          Hex            0%         N/A       71%         3
 Vampiric Draining        Necr           0%         2d6       71%         3


Dungeon Overview and Level Annotations

Branches:
Dungeon (3/15)

Altars:


Innate Abilities, Weirdness & Mutations

You are too large for most types of armour.
You have tough skin. (AC +1)


Message History

The orc is almost dead.
The orc hits you with a +0 hand axe.
You completely miss the orc.
The orc is almost dead.
The orc hits you with a +0 hand axe. x2
You closely miss the orc.
The orc is almost dead.
The orc hits you with a +0 hand axe.
You hit the orc but do no damage.
The orc is severely wounded.
The orc misses you. The orc closely misses you.
You hit the orc but do no damage.
The orc is severely wounded.
The orc hits you with a +0 hand axe.
You puncture the orc!
You kill the orc!
Something hits you.
* * * LOW HITPOINT WARNING * * *
You hit something but do no damage. Something hits you.
* * * LOW HITPOINT WARNING * * *
You puncture something!
Something hits you but does no damage. x2
Unknown command.
You feel better. Something hits you.
You miss something.
You hear some strange, mumbled words.
A puff of flame appears from out of thin air!
The puff of flame hits you.
* * * LOW HITPOINT WARNING * * *
You puncture something!
Reactivating autopickup.
You feel a bit more experienced. The orc hits you with a +0 whip.
* * * LOW HITPOINT WARNING * * *
You hit the orc but do no damage.
The orc is heavily wounded.
The orc hits you with a +0 whip.
* * * LOW HITPOINT WARNING * * *
You hit the orc.
You kill the orc!
The orc hits you with a +0 war axe!
You die...

#.........(...#
#############.#
#.# #.# #.# #.#
####### #.#
#.....# #.#
#@###.# #.# #o#
#.#####.# #.#
#.......# ..#
######### ###


You could see an orc.

Vanquished Creatures
  An orc wizard (D:3)
  An adder (D:2)
  A dart slug (D:2)
  2 orcs (D:3)
  4 endoplasms
  A giant cockroach (D:1)
  A goblin (D:2)
  2 hobgoblins
  A rat (D:1)
14 creatures vanquished.

Notes
Turn   | Place    | Note
-------+----------+-------------------------------------------
     0 | D:1      | BigBossMan the Ogre Gladiator began the quest for the Orb.
     0 | D:1      | Reached XP level 1. HP: 22/22 MP: 1/1
   178 | D:1      | Reached XP level 2. HP: 27/29 MP: 2/2
   365 | D:2      | Reached XP level 3. HP: 34/37 MP: 3/3
   467 | D:3      | Slain by an orc

Illustrated notes

Levels and vault maps discovered:
D:1:      dpeg_arrival_yet_another_circle, layout_basic, serial_bayou_pond_b,
          minmay_octomino_e4
D:2:      kennysheep_the_goblin_king, layout_basic,
          dreamdust_ecumenical_altar_statues
D:3:      layout_basic, mainiacjoe_overflow_small_starburst,
          uniq_crazy_yiuf_cottage

Skill      XL: |  1  2 |
---------------+-------+-----
Fighting       | 3 |  3.6
Maces & Flails | |  0.5
Polearms       | |  0.9
Staves         | |  3.3
Throwing       | |  2.0
Armour         | |  0.2
Dodging        | |  2.9
Stealth        | |  0.2
Spellcasting   | |  0.1

Action                     || total
---------------------------++-------
  Melee: Quarterstaff      ||    27
         Spear             ||    20
    Use: Potion            ||     3
         Scroll            ||     1
 Armour: Robe              ||    10
  Dodge: Dodged            ||    15
  Block: Other             ||    13
